 Dungeon Crawl Stone Soup version 0.14-a0-1974-gdb6e453 (webtiles) character file.

28 4tharraofdagon the Vexing (level 2, -4/13 HPs)
             Began as a Spriggan Enchanter on Jan 18, 2014.
             Was an Initiate of Dithmengos.
             Killed from afar by an orc wizard (8 damage)
             ... with a magic dart
             ... on Level 5 of the Dungeon.
             The game lasted 00:05:52 (460 turns).

4tharraofdagon the Vexing (Spriggan Enchanter)       Turns: 460, Time: 00:05:53

HP  -4/13        AC  3     Str  4      XL: 2   Next: 20%
MP   6/7         EV 18     Int 16      God: Dithmengos [......]
Gold 16          SH  0     Dex 16      Spells:  1 memorised,  5 levels left

rFire  . . .     SeeInvis +     a - +1 dagger
rCold  . . .     Clarity  .     b - +1 robe
rNeg   . . .     Conserve .     (shield restricted)
rPois  .         rCorr    .     (helmet restricted)
rElec  .         rRot     .     (no cloak)
SustAb . .       Spirit   .     (gloves unavailable)
rMut   .         Warding  .     (boots unavailable)
Saprov . . .     Stasis   .     (no amulet)
MR     .....                    r - cursed ring of hunger {unknown}
                                o - ring of regeneration

@: very quick, not resistant to hostile enchantments, stealthy
A: unfitting armour, see invisible, herbivore 3, speed 3, slow metabolism 2
a: Renounce Religion


You were on level 5 of the Dungeon.
You worshipped Dithmengos.
Dithmengos was noncommittal.
You were not hungry.

You visited 2 branches of the dungeon, and saw 6 of its levels.

You collected 16 gold pieces.

Inventory:

Hand weapons
 a - a +1,+1 dagger (weapon)
 p - a cursed +0 blowgun
Missiles
 d - 12 darts (quivered)
 q - 4 poisoned needles
Armour
 b - a +1 robe (worn)
Comestibles
 f - a bread ration
Scrolls
 k - a scroll of identify
Jewellery
 o - a ring of regeneration (left hand)
 r - a cursed ring of hunger (right hand) {unknown}
Potions
 e - a potion of porridge
Books
 c - a book of Maledictions

   Spells                             Type                      Level
   *Corona                            Hexes                        1
   Sure Blade                         Hexes/Charms                 2
   Ensorcelled Hibernation            Hexes/Ice                    2
   Confuse                            Hexes                        3
   Enslavement                        Hexes                        4
   Invisibility                       Hexes                        6


   Skills:
 * Level 1.5 Short Blades
 - Level 1.1 Throwing
 + Level 3.4 Dodging
 + Level 3.1 Stealth
 + Level 2.9 Spellcasting
 + Level 3.7 Hexes


You had 5 spell levels left.
You knew the following spells:

 Your Spells              Type           Power        Failure   Level  Hunger
a - Corona                Hex            ##.....      4%          1    #......


Dungeon Overview and Level Annotations

Branches:
Dungeon (5/16)             Temple (1/1) D:5

Altars:
Ashenzari
Cheibriados
Dithmengos
Elyvilon
Makhleb
Nemelex Xobeh
Sif Muna
Trog
Vehumet
Xom
the Shining One

Shops:
D:4 *

Annotations:
D:4 4tharraofdagon's ghost, average SpEn


Innate Abilities, Weirdness & Mutations

You are tiny and cannot use many weapons and most armour.
You have supernaturally acute eyesight.
You are a herbivore.
You cover ground extremely quickly.
You need consume almost no food.


Message History

The orc wizard points at you and mumbles some strange words.
The puff of frost hits you!
Ouch! That really hurt!
* * * LOW HITPOINT WARNING * * *
There is a dry fountain here.
Unknown command.
Unknown command.
This fountain has no liquid!
Drink which item? (? for menu, Esc to quit)
Okay, then.
Unknown command.
Drink which item? (? for menu, Esc to quit)
You feel better.
The orc wizard points at you and mumbles some strange words.
The puff of flame hits you!
Ouch! That really hurt!
The orc wizard gestures at you while chanting.
The magic dart hits you!
Ouch! That really hurt!
You die...

≈≈,,,,,,,,,,,,,,,,,,,,,,,,,,*,,*
≈≈,,,,,<,, ,, ,*, ,* ,,,,,,*,,**
≈,,,,,,,,,,*,**,,,,, ,,,,,,,,,,,,
,,,*,*****,,,, ,*,*,*,,,,,,,*,,**
,,,*,*****,,,,,,,,*,*** * *,*,,*
*,,*,,,,,,,,,**#########***#*,,**
*,,*,***,*,,,* #...#...#,,.#*,,,,
*,,*,***,*,,,* #.o.o.>.#,⌠.#*,,**
*,,,,,,,,,,,,* #@oo#...#,..#*,,
*,,,,,,,,,,,,,,######.###.##*,,**
*,,,,,,,,,,,,,,#...#...#...#,,,,*
*,,,,* * *,,,,...⌠...⌠...⌠.#,,,**
*, ,,***,******#...#...#...#*,,**
*,,,,, ,,,,, ,,######o######,,,>,
**,,*** ,******#...#.o.#b..#,,,,*
,,,,,,,,, * #.⌠...⌠..oo.#,,,,,
***,******* #...#...#ob.#*,*,*


You could see 2 orc wizards and 2 orcs.

Vanquished Creatures
  An adder skeleton (D:3)
  2 kobolds (D:4)
  4 bats
  A goblin skeleton (D:3)
  2 rats (D:2)
10 creatures vanquished.

Notes
Turn   | Place    | Note
--------------------------------------------------------------
     0 | D:1      | 4tharraofdagon, the Spriggan Enchanter, began the quest for the Orb.
     0 | D:1      | Reached XP level 1. HP: 9/9 MP: 4/4
   206 | D:3      | Noticed a worker ant
   280 | D:4      | :(
   292 | D:4      | Reached XP level 2. HP: 13/13 MP: 5/7
   317 | D:4      | Noticed 4tharraofdagon's ghost (average SpEn)
   338 | D:4      | Found Zin's Purification Station.
   340 | D:4      | Noticed a worker ant
   348 | D:5      | Entered Level 5 of the Dungeon
   367 | D:5      | Found a staircase to the Ecumenical Temple.
   376 | Temple   | Entered the Ecumenical Temple
   401 | Temple   | Became a worshipper of Dithmengos
   460 | D:5      | Killed from afar by an orc wizard

Action                   || total
-------------------------++-------
Melee: Dagger            ||    70
 Cast: Corona            ||     6
  Use: Potion            ||     6
       Scroll            ||     5
